 Dungeon Crawl Stone Soup version 0.28.0-53-g5a82cb258f (webtiles) character file.

Game seed: 5930526053727932136

131749 cbfl8 the Executioner (level 16, -25/231 HPs)
             Began as a Minotaur Berserker on Sept 4, 2022.
             Was the Champion of Trog.
             Annihilated by a nagaraja
             ... wielding a +1 spear of freezing
              (27 damage)
             ... on level 4 of the Snake Pit.
             The game lasted 00:38:13 (35417 turns).

cbfl8 the Executioner (Minotaur Berserker)         Turns: 35417, Time: 00:38:14

Health: -25/231    AC: 36    Str: 22    XL:     16   Next: 56%
Magic:  0/24       EV: 15    Int:  4    God:    Trog [******]
Gold:   537        SH:  0    Dex: 26    Spells: 15/15 levels left

rFire   + + +      SeeInvis .   T - +3 executioner's axe (flame)
rCold   x . .      Faith    .   (shield currently unavailable)
rNeg    + . .      Spirit   +   A - +10 plate armour "Hotu" {rF+}
rPois   +          Reflect  .   n - +2 hat
rElec   .          Harm     .   W - scarf {+Inv}
rCorr   .          Rampage  .   q - +2 pair of gloves
Will    +....      NoTele   +   t - +0 pair of boots
Stlth   ..........              N - amulet of Enwis {Spirit MP+9 Dex+2}
HPRegen 0.48/turn               o - ring of Noghezir {rPois rF++ rC- Dex+3}
MPRegen 0.19/turn               p - ring "Tufaph" {rN+ AC+4 Dex+3}

@: berserking (expiring), lethally poisoned (-25 -> -36), untranslocatable,
slowed
A: horns 2, retaliatory headbutt
a: Renounce Religion, Evoke Invisibility, Berserk, Trog's Hand, Brothers in Arms


You were on level 4 of the Snake Pit.
You worshipped Trog.
Trog was exalted by your worship.
You visited 5 branches of the dungeon, and saw 28 of its levels.
You also visited: Sewer.

You collected 2964 gold pieces.
You spent 2427 gold pieces at shops.

Inventory:

Hand Weapons
 T - a +3 executioner's axe of flaming (weapon)
 V - the +12 hand axe of Untruth {antimagic, rElec rCorr Str+4 Int-4}
   (Trog gifted it to you on level 6 of the Lair of Beasts)

   It reduces the magical energy of the wielder, and disrupts the spells and
   magical abilities of those it strikes.
   Natural abilities and divine invocations are not affected.
   Str:       It affects your strength (+4).
   Int:       It affects your intelligence (-4).
   rElec:     It insulates you from electricity.
   rCorr:     It protects you from acid and corrosion.
Missiles
 P - 3 throwing nets (quivered)
Armour
 n - a +2 hat (worn)
 q - a +2 pair of gloves (worn)
 t - a +0 pair of boots (worn)
 A - the +10 plate armour "Hotu" (worn) {rF+}
   (You found it on level 8 of the Dungeon)

   rF:        It protects you from fire.
 F - a +0 cloak
 W - a scarf of invisibility (worn)
Jewellery
 j - a ring of willpower
 m - a +6 ring of strength
 o - the ring of Noghezir (left hand) {rPois rF++ rC- Dex+3}
   (You found it on level 4 of the Dungeon)

   [ring of poison resistance]

   Dex:       It affects your dexterity (+3).
   rF:        It greatly protects you from fire.
   rC:        It makes you vulnerable to cold.
   rPois:     It protects you from poison.
 p - the ring "Tufaph" (right hand) {rN+ AC+4 Dex+3}
   (You acquired it on level 15 of the Dungeon)

   [ring of protection]

   AC:        It affects your AC (+4).
   Dex:       It affects your dexterity (+3).
   rN:        It protects you from negative energy.
 w - a ring of flight
 x - a ring of resist corrosion
 E - a ring of positive energy
 M - a +6 ring of dexterity
 N - the amulet of Enwis (around neck) {Spirit MP+9 Dex+2}
   (You found it on level 1 of the Lair of Beasts)

   [amulet of guardian spirit]

   It causes incoming damage to be divided between your reserves of health and
   magic.
   Dex:       It affects your dexterity (+2).
   MP:        It affects your magic capacity (+9).
 U - a ring of fire
Wands
 a - a wand of iceblast (11)
 i - a wand of polymorph (11)
 l - a wand of flame (5)
 v - a wand of charming (7)
 z - a wand of digging (6)
 L - a wand of paralysis (13)
 R - a wand of mindburst (12)
 S - a wand of acid (3)
Scrolls
 b - 6 scrolls of fear
 c - 4 scrolls of silence
 d - 10 scrolls of enchant armour
 k - 5 scrolls of teleportation
 s - 2 scrolls of fog
 y - 5 scrolls of identify
 C - 9 scrolls of noise
 D - 7 scrolls of magic mapping
 H - 4 scrolls of enchant weapon
 J - a scroll of brand weapon
 K - 4 scrolls of immolation
 O - 2 scrolls of holy word
Potions
 e - a potion of magic
 f - 9 potions of curing
 g - 5 potions of berserk rage
 h - 8 potions of flight
 u - 4 potions of might
 G - 3 potions of attraction
 I - 2 potions of resistance
 Q - 2 potions of invisibility
 Y - a potion of haste {unknown}
Miscellaneous
 r - a piece from Xom's chessboard (14/15)


   Skills:
 * Level 16.8 Fighting
 * Level 23.8 Axes
 + Level 11.6 Armour
 * Level 12.1 Dodging
 + Level 1.7 Stealth
 * Level 9.9 Evocations


You had 15 spell levels left.
You didn't know any spells.
Your spell library was empty.

Dungeon Overview and Level Annotations

Branches:
Dungeon (15/15)            Temple (0/1) D:7            Lair (6/6) D:10
 Shoals (1/4) Lair:3        Snake (4/4) Lair:3        Slime (0/5) Lair:6
    Orc (2/2) D:12            Elf (0/3) Orc:2        Vaults (0/5) D:13
 Depths (0/4) D:15          Sewer (visited)

Altars:
Ashenzari
Dithmenos
Elyvilon
Fedhas
Hepliaklqana
Kikubaaqudgha
Makhleb
Okawaru
Qazlal
Sif Muna
Trog
Vehumet
Wu Jian
Yredelemnul
Beogh
Jiyva

Shops:
D:3 (   D:7 =   D:8 =!   Orc:1 *   Orc:2 ([*!   Snake:1 *?   Snake:2 [*

Annotations:
D:4 1 runed translucent door, ZombieQueen's ghost, amateur DjBe
D:13 3 runed translucent doors


Innate Abilities, Weirdness & Mutations

You have a pair of horns on your head.
You reflexively headbutt those who attack you in melee.


Message History

The naga sharpshooter magically shoots a bolt.
The bolt closely misses you.
The nagaraja points at you and mumbles some strange words.
You feel more firmly anchored in space.
The nagaraja hits your black mamba with a +1 spear of freezing!!
Your black mamba seems to slow down.
The nagaraja freezes your black mamba.
Your black mamba dies!
Your black mamba's corpse dissolves into shadows!
Okay, then.
A red film seems to cover your vision as you go berserk!
You feel yourself moving faster!
You feel mighty!
You feel sick. The naga mage casts a spell at you.
The bolt of poison hits the naga mage.
The naga mage is poisoned.
The bolt of poison misses you.
The naga mage gestures at you while chanting.
The bolt of poison hits you but does no damage.
You are more poisoned.
You resist.
The nagaraja hits you from afar with a +0 halberd!!
* * * LOW HITPOINT WARNING * * *
The nagaraja mumbles some strange words.
The nagaraja seems to speed up.
The naga mage closely misses you. The nagaraja spits poison at you.
The splash of poison hits you but does no damage.
You have difficulty breathing.
* * * LOW HITPOINT WARNING * * *
You feel as though you will be slow longer.
You are too injured to fight recklessly!
Unknown command.
You feel a strong urge to attack something.
You feel very sick.
The nagaraja hits you from afar with a +1 spear of freezing!!
* * * LOW HITPOINT WARNING * * *
The nagaraja freezes you!
* * * LOW HITPOINT WARNING * * *
The naga mage hits you but does no damage.
The naga mage closely misses you.
The nagaraja hits you from afar with a +1 spear of freezing!!
You die...

.#.)..##≈≈##≈≈##..##.....##...#..
)))#......##....(..#.....#.##....
..##.....................#. #.##.
###..######.######.......#. #####
##..## #.#####.......### ###
#...# #.....#.##..... ####..
#...# ####...# #..#..###.....
###.## ##..##.#..# #.##....
##...### ##@.#.#..###..##.##
.......# #NNN..# #.....##
###.....# ##NS'## #.....###
.####..#..# .S.N.# ##....#..
..###### ## ..≈≈≈... #...##..
....### #N.≈≈≈..#.###.###..
......### #..≈≈≈.$# # ####.##
........## #N.≈≈≈..# #..##.
.....<...## ...≈≈≈... ###.#...


You could see 2 nagarajas, a naga sharpshooter (strong), an anaconda, a shock
serpent and 2 naga magi.

Vanquished Creatures
  Saint Roka (Snake:3)
  Vashnia (Snake:3)
  Bai Suzhen (Snake:3)
  Rupert (Lair:5)
  2 nagarajas
  Aizul (Snake:1)
  A stone giant (D:15)
  A dire elephant (Lair:6)
  An ettin (Orc:2)
  4 vault guards (D:13)
  9 naga warriors
  6 hydras
  Erolcha (Orc:1)
  A salamander tyrant (Snake:4)
  5 boulder beetles
  4 ogre magi (Orc:2)
  Harold (Lair:1)
  3 centaur warriors
  5 catoblepae
  20 two-headed ogres
  An alligator (Lair:4)
  3 anacondas
  4 tengu warriors
  A deep troll shaman (Lair:6)
  4 death yaks
  3 shock serpents (Snake:3)
  9 naga sharpshooters
  2 salamander mystics (Snake:4)
  Nergalle (Orc:1)
  3 skeletal warriors (D:13)
  3 phantasmal warriors (Snake:4)
  5 mana vipers
  2 naga ritualists
  3 deep elf pyromancers
  A cyclops (shapeshifter) (D:13)
  An orc knight (D:13)
  6 ugly things
  11 salamanders
  2 orc sorcerers
  6 manticores
  4 cyclopes
  A salamander (shapeshifter) (D:15)
  9 elephants
  Joseph (Lair:1)
  A guardian serpent (Snake:3)
  Maurice (Orc:1)
  A gargoyle (D:13)
  A water nymph (Shoals:1)
  17 black mambas
  6 naga magi
  9 cane toads
  2 efreet
  6 komodo dragons
  A rime drake (Lair:4)
  Psyche (D:10)
  A yaktaur (D:13)
  A tengu conjurer (D:13)
  A merfolk (Shoals:1)
  2 polar bears
  4 trolls
  A hornet (shapeshifter) (D:14)
  12 blink frogs
  9 slime creatures
  2 dream sheep (Lair:4)
  A snapping turtle (Shoals:1)
  2 meliai zombies (D:10)
  3 shadows
  4 wraiths
  52 yaks
  3 wyverns
  6 vampire mosquitoes
  A hog (shapeshifter) (D:13)
  5 basilisks
  5 redbacks (D:15)
  2 steam dragons
  A warg (Orc:2)
  25 nagas
  An acid dragon (D:11)
  10 water moccasins
  14 orc warriors
  A sky beast (D:7)
  4 black bears
  25 ogres
  A hornet zombie (D:7)
  A necrophage (D:6)
  18 wolves
  2 centaurs
  4 kobold brigands
  Blork the orc (D:5)
  18 bullfrogs
  A water moccasin zombie (D:6)
  2 gnoll sergeants
  2 scorpions (D:5)
  A water moccasin skeleton (D:5)
  4 killer bees (D:8)
  5 wights (D:8)
  6 howler monkeys
  4 electric eels
  A jelly (D:8)
  2 centaur zombies (D:8)
  A gnoll shaman (D:6)
  18 orc priests
  6 hounds
  Ijyb (D:3)
  7 iguanas
  17 orc wizards
  2 hell rats (Lair:6)
  2 killer bee zombies
  15 gnolls
  8 adders
  A howler monkey skeleton (D:7)
  11 river rats
  An ufetubus (D:5)
  An adder skeleton (D:4)
  4 worms
  2 dart slugs
  64 orcs
  8 ball pythons
  4 bats
  8 endoplasms
  A giant cockroach (D:4)
  18 goblins
  6 hobgoblins
  16 jackals
  21 kobolds
  7 quokkas
  3 frilled lizards (D:2)
  A quokka skeleton (D:4)
  7 rats
733 creatures vanquished.

Vanquished Creatures (others)
  A naga (Snake:2)
  A bush (Lair:6)
  17 fungi
  32 plants
51 creatures vanquished.

Grand Total: 784 creatures vanquished

Notes
Turn   | Place    | Note
-------+----------+-------------------------------------------
     0 | D:1      | cbfl8 the Minotaur Berserker began the quest for the Orb.
     0 | D:1      | Reached XP level 1. HP: 19/19 MP: 0/0
   270 | D:1      | Reached skill level 4 in Axes
   270 | D:1      | Reached XP level 2. HP: 25/27 MP: 1/1
   979 | D:2      | Found a faded altar of an unknown god.
   980 | D:2      | Noticed a floating eye
   982 | D:2      | Noticed a floating eye
   982 | D:2      | Noticed a floating eye
   982 | D:2      | Noticed a golden eye
  1021 | D:2      | Reached XP level 3. HP: 20/33 MP: 2/2
  1542 | D:2      | You fall into a shaft and drop 2 floors!
  1661 | D:4      | Noticed ZombieQueen's ghost (amateur DjBe)
  1688 | D:4      | Reached skill level 5 in Axes
  1688 | D:4      | Reached XP level 4. HP: 35/41 MP: 3/3
  1709 | D:4      | HP: 2/41 [orc/+0 morningstar (2)]
  1871 | D:4      | Found a glowing drain.
  1877 | D:4      | Reached XP level 5. HP: 40/47 MP: 4/4
  1884 | Sewer    | Entered a sewer
  2248 | Sewer    | Reached skill level 1 in Evocations
  2300 | Sewer    | Found a white marble altar of Elyvilon.
  2670 | D:4      | Reached skill level 6 in Axes
  2674 | D:4      | Reached ** piety under Trog
  2765 | D:3      | Found Uwnuanky's Antique Weapon Shop.
  2859 | D:3      | Reached XP level 6. HP: 55/55 MP: 5/5
  2907 | D:3      | Found a bloodstained altar of Trog.
  3666 | D:3      | Identified the +7 falchion of Impatience {drain, Fly}
  3736 | D:3      | Noticed Ijyb
  3748 | D:3      | Killed Ijyb
  3749 | D:3      | Reached skill level 5 in Fighting
  5077 | D:4      | Identified the ring of Noghezir {rPois rF++ rC- Dex+3}
  5256 | D:4      | Found a runed translucent door.
  5315 | D:4      | Reached *** piety under Trog
  5597 | D:5      | Entered Level 5 of the Dungeon
  5597 | D:5      | Found a hazy altar of Hepliaklqana.
  5733 | D:5      | Reached skill level 1 in Stealth
  5734 | D:5      | Reached XP level 7. HP: 61/61 MP: 6/6
  5795 | D:5      | Found a burning altar of Makhleb.
  5841 | D:5      | Reached skill level 7 in Axes
  6062 | D:5      | Reached skill level 8 in Axes
  6295 | D:5      | Reached XP level 8. HP: 61/70 MP: 7/7
  6524 | D:5      | Noticed Blork the orc
  6531 | D:5      | Killed Blork the orc
  6637 | D:6      | Reached skill level 9 in Axes
  6754 | D:6      | Reached **** piety under Trog
  7036 | D:6      | Found a radiant altar of Vehumet.
  7441 | D:7      | Reached skill level 10 in Axes
  7444 | D:7      | Reached skill level 5 in Dodging
  7601 | D:7      | Reached XP level 9. HP: 77/79 MP: 8/8
  7623 | D:7      | Noticed a cyclops
  7632 | D:7      | Killed a cyclops
  7716 | D:7      | Found Xoyroyke's Jewellery Emporium.
  7782 | D:7      | Reached skill level 11 in Axes
  7782 | D:7      | Found a staircase to the Ecumenical Temple.
  8265 | D:8      | Reached ***** piety under Trog
  8305 | D:8      | Noticed a two-headed ogre
  8312 | D:8      | Killed a two-headed ogre
  8313 | D:8      | Reached skill level 12 in Axes
  8313 | D:8      | Reached skill level 5 in Armour
  8315 | D:8      | Reached XP level 10. HP: 88/88 MP: 9/9
  8406 | D:8      | Found Mucyrch's Distillery.
  8535 | D:8      | Found Cacivueh's Jewellery Emporium.
  8620 | D:8      | Found a blossoming altar of Fedhas.
  8621 | D:8      | Found a white marble altar of Elyvilon.
  8661 | D:8      | Identified the +10 plate armour "Hotu" {rF+}
  8738 | D:8      | Reached skill level 13 in Axes
  9341 | D:9      | Found a broken altar of Ashenzari.
  9342 | D:9      | Found an ornate altar of the Wu Jian Council.
  9392 | D:9      | Received a gift from Trog
  9485 | D:9      | Found a shadowy altar of Dithmenos.
  9558 | D:9      | Found a shimmering blue altar of Sif Muna.
  9648 | D:9      | Found a basalt altar of Yredelemnul.
 10158 | D:10     | Entered Level 10 of the Dungeon
 10216 | D:10     | Found a stormy altar of Qazlal.
 10266 | D:10     | Noticed a two-headed ogre
 10269 | D:10     | Killed a two-headed ogre
 10358 | D:10     | Noticed Psyche
 10362 | D:10     | Killed Psyche
 10366 | D:10     | Found a staircase to the Lair.
 10366 | D:10     | Noticed a two-headed ogre
 10370 | D:10     | Reached skill level 14 in Axes
 10372 | D:10     | Killed a two-headed ogre
 10373 | D:10     | Reached skill level 5 in Evocations
 10375 | D:10     | Reached XP level 11. HP: 97/97 MP: 10/10
 10594 | D:10     | Found an ancient bone altar of Kikubaaqudgha.
 10923 | D:11     | Noticed a two-headed ogre
 10929 | D:11     | Killed a two-headed ogre
 11004 | D:11     | Reached skill level 10 in Fighting
 11696 | D:12     | Reached skill level 15 in Axes
 11769 | D:12     | Noticed a green ugly thing
 11779 | D:12     | Killed a green ugly thing
 11922 | D:12     | Received a gift from Trog
 12093 | D:12     | Found a staircase to the Orcish Mines.
 12195 | D:12     | Noticed a deep elf pyromancer
 12202 | D:12     | Killed a deep elf pyromancer
 12203 | D:12     | Reached skill level 16 in Axes
 12568 | D:13     | Noticed a cyan ugly thing
 12578 | D:13     | Killed a cyan ugly thing
 12668 | D:13     | Noticed a skeletal warrior
 12668 | D:13     | Noticed a skeletal warrior
 12670 | D:13     | Noticed a skeletal warrior
 12675 | D:13     | Killed a skeletal warrior
 12677 | D:13     | Killed a skeletal warrior
 12678 | D:13     | Reached XP level 12. HP: 110/110 MP: 11/11
 12735 | D:13     | Noticed a vault guard
 12767 | D:13     | Noticed a catoblepas
 12784 | D:13     | Killed a catoblepas
 13019 | D:13     | Noticed a vault guard
 13053 | D:13     | Noticed a boulder beetle
 13059 | D:13     | Killed a boulder beetle
 13478 | D:13     | Noticed a boulder beetle
 13488 | D:13     | Killed a boulder beetle
 13489 | D:13     | Reached skill level 17 in Axes
 13957 | D:13     | Killed a vault guard
 13996 | D:13     | Killed a vault guard
 14328 | D:13     | Found a gate to the Vaults.
 14328 | D:13     | Noticed a vault guard
 14328 | D:13     | Noticed a vault guard
 14335 | D:13     | Killed a vault guard
 14337 | D:13     | Killed a vault guard
 14507 | D:13     | Found a runed translucent gate.
 14507 | D:13     | Found a runed translucent gate.
 14512 | D:13     | Found a runed translucent gate.
 14688 | D:13     | Noticed a minotaur
 14688 | D:13     | a swamp worm changed into a minotaur
 14692 | D:13     | Noticed a storm dragon
 14692 | D:13     | a minotaur changed into a storm dragon
 14699 | D:13     | Noticed a death yak
 14699 | D:13     | a storm dragon changed into a death yak
 14827 | D:14     | Noticed a boulder beetle
 14827 | D:14     | Noticed a boulder beetle
 14839 | D:14     | Killed a boulder beetle
 14843 | D:14     | Killed a boulder beetle
 15178 | D:14     | Noticed a centaur warrior
 15185 | D:14     | Killed a centaur warrior
 15310 | D:14     | Noticed a catoblepas
 15342 | D:14     | Killed a catoblepas
 15343 | D:14     | Reached skill level 18 in Axes
 15645 | D:14     | Found a broken altar of Ashenzari.
 15699 | D:14     | Reached XP level 13. HP: 104/118 MP: 12/12
 16360 | D:15     | Entered Level 15 of the Dungeon
 16725 | D:15     | Found an iron altar of Okawaru.
 17317 | D:15     | Found a staircase to the Depths.
 17317 | D:15     | Noticed a stone giant
 17322 | D:15     | Killed a stone giant
 17390 | D:15     | Reached skill level 19 in Axes
 17933 | D:15     | Identified a scroll of acquirement
 17936 | D:15     | Acquired the ring "Tufaph" {rN+ AC+4 Dex+3}
 17993 | D:13     | Noticed a frost giant
 17993 | D:13     | an iron troll changed into a frost giant
 17994 | D:13     | a frost giant changed into an iron troll
 17996 | D:13     | Noticed an eleionoma
 17996 | D:13     | an iron troll changed into an eleionoma
 17997 | D:13     | an eleionoma changed into an alligator snapping turtle
 17998 | D:13     | Noticed a frost giant
 17998 | D:13     | an alligator snapping turtle changed into a frost giant
 18001 | D:13     | a frost giant changed into an alligator snapping turtle
 18003 | D:13     | Noticed an azure jelly
 18003 | D:13     | an alligator snapping turtle changed into an azure jelly
 18087 | Lair:1   | Entered Level 1 of the Lair of Beasts
 18192 | Lair:1   | Identified the amulet of Enwis {Spirit MP+9 Dex+2}
 18396 | Lair:1   | Noticed Joseph
 18397 | Lair:1   | Paralysed by Joseph for 2 turns
 18404 | Lair:1   | Killed Joseph
 18580 | Lair:1   | Noticed Harold
 18587 | Lair:1   | Killed Harold
 19652 | Lair:3   | Found a staircase to the Snake Pit.
 19718 | Lair:3   | Reached skill level 10 in Dodging
 19850 | Lair:3   | Found a staircase to the Shoals.
 20129 | Lair:3   | Found a burning altar of Makhleb.
 20640 | Lair:4   | Received a gift from Trog
 20641 | Lair:4   | Reached XP level 14. HP: 113/129 MP: 13/13
 20917 | Lair:4   | Identified the +8 hand axe of Ycuva {freeze, rN+}
 21170 | Lair:4   | Reached skill level 20 in Axes
 22240 | Lair:5   | Noticed Rupert
 22245 | Lair:5   | Paralysed by Rupert for 4 turns
 22253 | Lair:5   | Killed Rupert
 22619 | Lair:5   | Reached skill level 10 in Armour
 22933 | Lair:6   | Entered Level 6 of the Lair of Beasts
 23063 | Lair:6   | Found a staircase to the Slime Pits.
 23064 | Lair:6   | Found a viscous altar of Jiyva.
 23153 | Lair:6   | Identified the +12 hand axe of Untruth {antimagic, rElec
                  | rCorr Str+4 Int-4} (Trog gifted it to you on level 6 of the
                  | Lair of Beasts)
 23153 | Lair:6   | Received a gift from Trog
 23244 | Lair:6   | Reached skill level 21 in Axes
 23262 | Lair:6   | Reached ****** piety under Trog
 24679 | Orc:1    | Entered Level 1 of the Orcish Mines
 24679 | Orc:1    | Noticed Nergalle
 24687 | Orc:1    | Killed Nergalle
 24688 | Orc:1    | Reached XP level 15. HP: 134/139 MP: 14/14
 24818 | Orc:1    | Noticed Maurice
 24825 | Orc:1    | Killed Maurice
 24903 | Orc:1    | Noticed Erolcha
 24908 | Orc:1    | Killed Erolcha
 24986 | Orc:1    | Found Tasaleli's General Store.
 24996 | Orc:1    | Bought a scroll of magic mapping for 56 gold pieces
 24996 | Orc:1    | Bought a scroll of teleportation for 48 gold pieces
 24996 | Orc:1    | Bought a scroll of identify for 32 gold pieces
 25121 | Orc:2    | Entered Level 2 of the Orcish Mines
 25130 | Orc:2    | Received a gift from Trog
 25618 | Orc:2    | Found a staircase to the Elven Halls.
 25677 | Orc:2    | Reached skill level 15 in Fighting
 25678 | Orc:2    | Paralysed by an ogre mage for 3 turns
 25706 | Orc:2    | Reached skill level 22 in Axes
 26273 | Orc:2    | Found Rentury's Antique Weapon Shoppe.
 26273 | Orc:2    | Found Deyn Xud's Assorted Antiques.
 26277 | Orc:2    | Found Qubistry's Armour Boutique.
 26277 | Orc:2    | Found Vuacw's Distillery.
 26284 | Orc:2    | Bought storm dragon scales for 1760 gold pieces
 26286 | Orc:2    | Bought a potion of heal wounds for 75 gold pieces
 26286 | Orc:2    | Bought 2 potions of resistance for 300 gold pieces
 26575 | Orc:2    | Bought a scarf of invisibility for 156 gold pieces
 26800 | Snake:1  | Entered Level 1 of the Snake Pit
 27028 | Snake:1  | Found Isueli's Magic Scroll Shop.
 27032 | Snake:1  | Found Mampuvet's Assorted Antiques.
 27286 | Snake:1  | Noticed Aizul
 27299 | Snake:1  | Killed Aizul
 28864 | Snake:2  | Found Xuroh's General Store.
 28864 | Snake:2  | Found Ykhlucw's Antique Armour Emporium.
 28871 | Snake:2  | Noticed a nagaraja
 28880 | Snake:2  | Killed a nagaraja
 29168 | Snake:2  | Received a gift from Trog
 29696 | Snake:3  | Noticed Bai Suzhen
 29893 | Snake:3  | Killed Bai Suzhen
 29917 | Snake:3  | Noticed Saint Roka
 30425 | Snake:3  | Noticed Vashnia
 30502 | Snake:3  | Reached skill level 23 in Axes
 30503 | Snake:3  | HP: 5/133 [constriction (4)]
 30505 | Snake:3  | HP: 2/133 [constriction (3)]
 30507 | Snake:3  | Reached XP level 16. HP: 3/140 MP: 0/15
 30602 | Snake:3  | Killed Vashnia
 30915 | Snake:3  | Killed Saint Roka
 32166 | Shoals:1 | Entered Level 1 of the Shoals
 32484 | Snake:4  | Entered Level 4 of the Snake Pit
 33652 | Snake:4  | Received a gift from Trog
 35417 | Snake:4  | HP: 2/231 [nagaraja/+1 spear of freezing (11)]
 35417 | Snake:4  | Annihilated by a nagaraja

Illustrated notes

Levels and vault maps discovered:
D:1:      amcnicky_arrival_choice, layout_loops_cross, serial_rivers,
          chequers_serial_rivers_micro_c, chequers_serial_rivers_room_a,
          chequers_serial_rivers_small_3, chequers_serial_rivers_room_b,
          chequers_serial_rivers_micro_e, columned_hall_lemuel
D:2:      layout_rooms, serial_glass, glass_columns_a, glass_columns_a,
          hellmonk_ecumenical_altar_watching_god, minmay_tetromino_o4
D:3:      kennysheep_goblin_castle, layout_basic, trog_hazing_becter,
          serial_shops, shop
D:4:      layout_basic, hellmonk_ghost_happy_afterlife, portal_sewer_entry_d
D:5:      layout_cave_pools, nicolae_hepliaklqana_hazy_memory,
          mainiacjoe_overflow_six_doors_small, uniq_blork_the_orc
D:6:      layout_loops_ring, vehumet_crystals, minmay_misc_feat_diagonals,
          minmay_puff
D:7:      layout_basic, minmay_temple_entry_steel_oval, serial_shops,
          nicolae_shop_waterfront
D:8:      layout_loops_ring, jmf_multi_god_temple, serial_shops,
          nicolae_shop_statue_plus, nicolae_stop_n_shop_2, minmay_misc_feat_iff,
          st_stairs_12, nrook_loot_triangle, chequers_arboretum
D:9:      layout_irregular_city, grunt_dithmenos_shadows,
          gammafunk_temple_overflow_pools, mainiacjoe_overflow_catch_the_wave
D:10:     layout_rooms, kiku_gazebo_pond_becter,
          nicolae_qazlal_general_emergency, erik_lair_island, uniq_psyche
D:11:     layout_gridville, serial_rivers, chequers_serial_rivers_small_3,
          chequers_serial_rivers_large_a, chequers_serial_rivers_room_b,
          chequers_serial_rivers_micro_a, chequers_serial_rivers_small_b,
          special_room [special_room_orc]
D:12:     layout_basic
D:13:     layout_basic, grunt_vaults_entry_fortified,
          ploomutoo_gammafunk_ghost_potion_laboratory
D:14:     layout_irregular_city, cheibrodos_ashenzari_chains
D:15:     grunt_enter_depths_snipers, layout_grid_maze, okawaru_trees_2,
          hangedman_decor_clover_reticule, serial_park_tiny_pond,
          minmay_librarian
Lair:1:   layout_roguey, infiniplex_staircase_pool, uniq_harold, uniq_joseph
Lair:2:   layout_regular_city
Lair:3:   layout_cave_pods, elwin_shoals_entry_rocks,
          minmay_snake_entry_guardpost_small, basic_altar, serial_bayou_shore_b,
          lemuel_fruit_tree
Lair:4:   nzn_winding_woodlands_large [nzn_winding_woodlands_5x5_closed_star,
          nzn_winding_woodlands_5x15_jagged, nzn_winding_woodlands_5x5_three,
          nzn_winding_woodlands_center_garden,
          nzn_winding_woodlands_15x15_boxy_spiral,
          nzn_winding_woodlands_center_triple_pond,
          nzn_winding_woodlands_5x5_checkerboard,
          nzn_winding_woodlands_5x15_pockets,
          nzn_winding_woodlands_5x5_open_star], layout_regular_city
Lair:5:   layout_regular_city, uniq_rupert
Lair:6:   grunt_lair_end_beastmaster, layout_regular_city, slime_altar_1,
          kennysheep_rathole, serial_bayou_shore_b, grunt_megastairs_5,
          infiniplex_staircase_pool_2
Shoals:1: layout_shoals, gammafunk_ghost_necromancy,
          nicolae_shoals_arrival_archipelago, uniq_mlioglotl
Snake:1:  layout_chambers, minmay_shop_star, uniq_aizul
Snake:2:  layout_misc_corridors, minmay_shoptagon
Snake:3:  layout_honeycomb, uniq_bai_suzhen, uniq_saint_roka, uniq_vashnia
Snake:4:  grunt_snake_rune_pools, layout_onion_interference,
          nicolae_snake_ghostly_warrior_ritual
Orc:1:    layout_caves, basic_altar, serial_shops, nicolae_shop_crystal,
          uniq_erolcha, uniq_maurice, uniq_nergalle
Orc:2:    st_orc_ogre_mass, layout_diamond_mine

Skill      XL: |  1  2  3  4  5  6  7  8  9 10 11 12 13 14 15 16 |
---------------+-------------------------------------------------+-----
Axes           | 4 5 6 8 10 12 14 16 18 19 21 23 | 23.8
Fighting       | 4 5 7 8 9 11 12 13 14 16 | 16.8
Dodging        | 3 4 5 6 7 8 9 10 11 12 | 12.1
Evocations     | 1 2 3 4 5 7 8 9 |  9.9
Armour         | 3 4 5 6 7 8 9 10 11 | 11.6
Stealth        | 1 |  1.7

Action                   |  1- 3 |  4- 6 |  7- 9 | 10-12 | 13-15 | 16-18 || total
-------------------------+-------+-------+-------+-------+-------+-------++-------
Melee: Hand axe          |    61 |   174 |    55 |       |       |       ||   290
       Headbutt          |     6 |    31 |    36 |    90 |   179 |    47 ||   389
       Punch             |     2 |     3 |     1 |     2 |       |       ||     8
       War axe           |       |       |   126 |    90 |       |       ||   216
       Battleaxe         |       |       |       |   247 |   196 |       ||   443
       Executioner's axe |       |       |       |       |   552 |   199 ||   751
Throw: Throwing net      |       |       |       |       |       |     1 ||     1
Invok: Berserk           |     2 |     4 |     3 |     4 |     7 |     2 ||    22
       Trog's Hand       |       |       |       |       |     1 |     1 ||     2
 Abil: Evoke Invisibilit |       |       |       |       |     1 |       ||     1
Evoke: Wand              |       |       |       |    19 |     4 |     4 ||    27
       Piece from Xom's  |       |       |       |       |       |     1 ||     1
  Use: Scroll            |       |       |     8 |     3 |    19 |     6 ||    36
       Potion            |       |       |       |       |     5 |     9 ||    14
 Stab: Distracted        |       |       |     1 |       |       |       ||     1
       Held in net/web   |       |       |       |       |       |     2 ||     2
Armor: Animal skin       |    11 |     5 |       |       |       |       ||    16
       Ring mail         |       |    42 |    80 |     9 |       |       ||   131
       Plate armour      |       |       |       |   160 |   481 |   113 ||   754
Dodge: Dodged            |    30 |   126 |   136 |   152 |   434 |   117 ||   995
